[Event "20th Heraklion IT Open 2017"]
[Site "Heraklion"]
[Date "2017.04.23"]
[Round "8"]
[White "Lampadariou, Nikolaos"]
[Black "Lirindzakis, Timotheos"]
[Result "0-1"]
[ECO "E14"]
[WhiteElo "1948"]
[BlackElo "2177"]
[Annotator "RC"]
[PlyCount "46"]
[EventDate "2017.??.??"]
[EventType "swiss"]
[EventCountry "GRE"]
[SourceTitle "playchess.com"]
[Source "ChessBase"]
[SourceQuality "1"]
[TimeControl "40/5400+30:1800+30"]

1. d4 Nf6 2. c4 e6 3. Nf3 b6 4. e3 Bb7 5. Be2 d5 6. O-O Bd6 7. Nc3 O-O 8. b3 Nbd7 9. Bb2 a6 10. Nd2 c5 11. cxd5 cxd4 12. Nce4 Nxe4 13. Nxe4 Bxh2+ 14. Kxh2 Qh4+ 15. Kg1 Qxe4 16. Bf3 Qg6 17. Qxd4 Nc5 18. e4 f5 19. b4 e5 20. Qxe5 Nd3 21. Qd4 Nxb2 22. exf5 Rxf5 23. Be4 Qf6 0-1

[Event "20th Heraklion IT Open 2017"]
[Site "Heraklion"]
[Date "2017.04.23"]
[Round "8"]
[White "Bras, Emanouel"]
[Black "Vitsaxakis, Nikolaos"]
[Result "0-1"]
[ECO "D94"]
[WhiteElo "1898"]
[BlackElo "1726"]
[Annotator "NA"]
[PlyCount "102"]
[EventDate "2017.??.??"]
[EventType "swiss"]
[EventCountry "GRE"]
[SourceTitle "playchess.com"]
[Source "ChessBase"]
[SourceQuality "1"]
[TimeControl "40/5400+30:1800+30"]

1. d4 Nf6 2. c4 g6 3. Nc3 d5 4. Nf3 Bg7 5. e3 O-O 6. h3 {[%emt 0:01:30] LiveBook: 20 Games} b6 {[%emt 0:04:03] D94: Grünfeld: 4 Nf3 Bg7 5 e3} (6... c5 7. cxd5 cxd4 8. exd4 Nxd5 9. Be2 Nc6 10. O-O Be6 11. Ne4 Bf5 12. Ng3 Be6 13. Qa4 Nb6 14. Qa3 Bd5 15. Rd1 Bxf3 16. Bxf3 Nxd4 17. Bg5 Nc4 18. Qb4 {½-½ (39) Pakleza,Z (2499)-Antoniewski,R (2540) Czech Republic 2016}) 7. cxd5 Nxd5 8. Bc4 Bb7 9. O-O c5 $146 (9... e6 10. Re1 Na6 11. a3 c5 12. Bxa6 Bxa6 13. Nxd5 exd5 14. b3 {0-1 (83) Szeman,T (1806)-Kemendi,D (1847) Hungary 2014}) 10. Bxd5 Bxd5 11. dxc5 Bc4 12. cxb6 Qxb6 13. Re1 ({Much weaker is} 13. Nd5 Qb7 14. e4 e6 $17) 13... Rd8 14. Bd2 Na6 15. Qa4 Rac8 16. Ne4 Qb7 17. Ba5 $1 Bb5 ({Reject} 17... Bxb2 $6 18. Bxd8 Bxa1 19. Qe8+ (19. Rxa1 Qxe4 20. Qd7 Qe6 21. Qxe6 Bxe6 22. Bxe7 Re8 $16) 19... Kg7 20. Qxe7 (20. Rxa1 Qxe4 21. Qxe7 Qxe7 22. Bxe7 Nc7 $16) (20. Nfd2 Bd5 $16) 20... Qxe7 21. Bxe7 $16) 18. Qb3 Rd3 19. Nc3 Bc6 20. Qxb7 Bxb7 21. Rad1 Rxd1 22. Rxd1 Nc5 23. Nb5 a6 24. Nbd4 e5 25. Ne2 e4 26. Nfd4 Nd3 27. Bc3 Bd5 28. a3 Bc4 29. Ng3 f5 30. Nf1 f4 (30... Bxd4 $11 31. exd4 (31. Bxd4 Bb3 32. Rb1 Rc2 $15) 31... h5) 31. Nd2 fxe3 32. fxe3 ({Not} 32. Nxe4 $2 Bxd4 33. fxe3 Bxe3+ 34. Kh2 Nc5 35. Nf6+ Kf7 $19) 32... Bd5 33. Rf1 (33. Nf1 $11) 33... Bh6 34. Nc2 $2 {[%emt 0:00:26] [#]} (34. Kh2 $17) 34... Nxb2 $1 35. Nb4 Rxc3 $2 (35... Bxe3+ $19 36. Kh2 Rxc3 37. Nxd5 Bxd2 38. Nxc3 Bxc3) 36. Nxd5 Bxe3+ 37. Nxe3 Rxe3 38. Rb1 Nd3 39. Nc4 Re2 40. Rb8+ Kg7 41. Nd6 $2 (41. Re8 $17) 41... e3 42. Rb7+ Kf6 43. Rb3 Re1+ 44. Kh2 e2 45. Rxd3 Rd1 46. Ne4+ Kg7 47. Nf2 Rf1 $2 (47... e1=Q $19 48. Nxd1 Qe2) 48. Rd7+ Kf8 49. Nd3 Rd1 50. Rd8+ Ke7 51. Rd5 e1=Q $19 0-1

[Event "20th Heraklion IT Open 2017"]
[Site "Heraklion"]
[Date "2017.04.23"]
[Round "8"]
[White "Fragiadakis, Emanouel"]
[Black "Hristodoulaki, Antonia"]
[Result "1/2-1/2"]
[ECO "E04"]
[WhiteElo "1827"]
[BlackElo "1994"]
[Annotator "NA RC"]
[PlyCount "119"]
[EventDate "2017.??.??"]
[EventType "swiss"]
[EventCountry "GRE"]
[SourceTitle "playchess.com"]
[Source "ChessBase"]
[SourceQuality "1"]
[TimeControl "40/5400+30:1800+30"]

1. d4 Nf6 2. c4 e6 3. Nf3 d5 4. g3 dxc4 5. Bg2 Bd7 6. Qc2 c5 7. Qxc4 Bc6 8. O-O {[%emt 0:05:16] E04: Open Catalan: 5 Nf3} Nbd7 {[%emt 0:10:31] LiveBook: 25 Games} 9. Bg5 (9. Nc3 Rc8 10. Be3 b5 11. Qd3 b4 12. Nb1 c4 13. Qc2 Be7 14. a3 b3 15. Qc1 Nb6 {0-1 (34) Radjabov,T (2745)-Anand,V (2783) Stavanger 2013}) 9... Rc8 10. dxc5 $146 (10. Rc1 Be7 11. Nc3 O-O 12. dxc5 b5 13. Nxb5 Bxf3 14. Bxf6 Bxf6 15. Bxf3 Bxb2 {0-1 (29) Hovmoller,K (2289)-Pedersen,S (2375) Denmark 2017}) 10... Bxc5 11. Qh4 Qb6 12. Nbd2 O-O ({Better is} 12... Qxb2 $17 13. a3 Qb6) 13. Nc4 Qa6 14. Nfe5 (14. Nce5 $11) 14... Bb5 (14... Bxg2 $17 15. Kxg2 b5 16. Bxf6 Nxf6) 15. b3 (15. Rfd1 $11) 15... h6 16. Bxf6 Nxf6 17. a4 Bxc4 18. Nxc4 Rfd8 19. Rfd1 b5 20. axb5 Qxb5 21. Rdb1 Bd4 22. Ra5 Qb4 23. Ra4 Qc3 24. Qf4 $1 Qc2 25. Qc1 $2 (25. Na3 $11 Qc5 26. e3) 25... Qxe2 26. Qf1 Qc2 27. Bf3 {[%emt 0:00:11] [#]} Bxf2+ $1 28. Kh1 Bc5 29. Rb2 Qf5 30. Ra5 Nd5 31. Qe2 (31. Bg2 {might work better.}) 31... Qg5 32. Rc2 Nb4 33. Rb2 $2 (33. Rd2) 33... Qc1+ 34. Kg2 Qg1+ $2 (34... Nd3 35. Rxc5 Rxc5) 35. Kh3 Nd5 36. Rd2 Bb6 37. Rd1 Qf2 $2 (37... Nc3 $19 {and Black stays clearly on top.} 38. Rxg1 Nxe2 39. Bxe2 Bxg1) 38. Qxf2 Bxf2 39. Bxd5 exd5 40. Rdxd5 Rxd5 41. Rxd5 Rb8 42. Kg2 Be1 43. Kf1 Bc3 44. Ke2 Rxb3 45. Rd3 a5 46. Kd1 a4 47. Kc2 Bf6 48. Rxb3 axb3+ 49. Kxb3 Kh7 50. Kc2 Bd4 51. Kd3 Bg1 52. h3 Bh2 53. g4 {[%emt 0:00:48] [#]} h5 $1 54. Ke4 Kg6 55. Nd2 $1 Bc7 56. Nf3 Bg3 57. Ng1 Kf6 58. Nf3 g6 59. Kd4 Ke6 60. Ng5+ $15 {[%emt 0:02:47] Kd5+} 1/2-1/2

[Event "20th Heraklion IT Open 2017"]
[Site "Heraklion"]
[Date "2017.04.23"]
[Round "8"]
[White "Pelantakis, Mihail"]
[Black "Mardoyan Ararat, T  Artur"]
[Result "1-0"]
[ECO "E16"]
[WhiteElo "1737"]
[BlackElo "1502"]
[Annotator "NA"]
[PlyCount "61"]
[EventDate "2017.??.??"]
[EventType "swiss"]
[EventCountry "GRE"]
[SourceTitle "playchess.com"]
[Source "ChessBase"]
[SourceQuality "1"]
[TimeControl "40/5400+30:1800+30"]

1. d4 Nf6 2. c4 e6 3. Nf3 b6 4. g3 Bb7 5. Bg2 Bb4+ 6. Bd2 Qe7 7. O-O O-O 8. Nc3 d5 9. cxd5 Bxc3 10. Bxc3 Bxd5 11. Rc1 Ne4 12. a3 Nxc3 13. Rxc3 a5 14. Ne5 Bxg2 15. Kxg2 f6 16. Nd3 Rd8 17. e3 Na6 18. Qc2 Rac8 19. Rc1 Rd7 20. Qa4 Rd5 21. b4 Qd7 22. Qxd7 Rxd7 23. bxa5 bxa5 24. Rc6 e5 25. Rxa6 exd4 26. exd4 Rxd4 27. Nc5 a4 28. Nxa4 Rd2 29. Nb6 Re8 30. Rxc7 h6 31. Raa7 1-0

[Event "20th Heraklion IT Open 2017"]
[Site "Heraklion"]
[Date "2017.04.23"]
[Round "8"]
[White "Papidakis, Georgios"]
[Black "Sourgkounis, Angelos"]
[Result "0-1"]
[ECO "A46"]
[WhiteElo "1618"]
[BlackElo "1960"]
[Annotator "NA RC"]
[PlyCount "70"]
[EventDate "2017.??.??"]
[EventType "swiss"]
[EventCountry "GRE"]
[SourceTitle "playchess.com"]
[Source "ChessBase"]
[SourceQuality "1"]
[TimeControl "40/5400+30:1800+30"]

1. d4 Nf6 2. Nf3 d6 3. Bg5 Ne4 4. Bh4 {[%emt 0:03:37] A46: 1 d4 Nf6 2 Nf3 e6: Torre, London and Colle Systems} c6 (4... c5 5. dxc5 Nxc5 6. c4 Nc6 7. Nc3 g6 8. Qd2 Bg7 9. e3 O-O 10. Be2 b6 11. O-O Bb7 {½-½ (44) Debashis,D (2477)-Ganguly,S (2623) Dubai 2013}) 5. Nbd2 Bf5 6. e3 Qb6 7. Nc4 $146 (7. Rb1 Nd7 8. Nxe4 Bxe4 9. Bd3 Bxf3 10. Qxf3 g5 11. Bg3 h5 {1-0 (32) Stava,S (1568)-Johansen,P (1937) Kragero 2005}) 7... Qc7 8. Bd3 d5 9. Ncd2 Nd7 10. O-O e6 11. c3 (11. Bxe4 $14 {stays ahead.} dxe4 12. Bg3) 11... Bd6 12. Be2 h6 13. Rc1 b5 14. Bg3 Nxg3 15. hxg3 O-O 16. Ne1 e5 17. Bd3 e4 18. Be2 Be6 19. Nc2 Qd8 20. Nb4 Rc8 21. Nc2 Qg5 22. b3 Nf6 23. Re1 (23. c4 $142) 23... h5 24. Nf1 g6 25. a4 bxa4 26. bxa4 Kg7 27. Rb1 $2 (27. Nh2) 27... Rh8 28. Ba6 Rb8 29. Rxb8 Bxb8 ({Resist} 29... Rxb8 30. c4 $19) 30. Be2 $2 (30. f3) 30... h4 31. gxh4 Qxh4 32. f3 Bg3 33. Nxg3 Qxg3 34. Na3 Rh2 35. Bf1 Qh4 0-1

[Event "20th Heraklion IT Open 2017"]
[Site "Heraklion"]
[Date "2017.04.23"]
[Round "8"]
[White "Koutsourakis, Ioannis"]
[Black "Brokalakis - Gounaris, Christos"]
[Result "0-1"]
[ECO "E46"]
[WhiteElo "1543"]
[BlackElo "1773"]
[Annotator "NA RC"]
[PlyCount "96"]
[EventDate "2017.??.??"]
[EventType "swiss"]
[EventCountry "GRE"]
[SourceTitle "playchess.com"]
[Source "ChessBase"]
[SourceQuality "1"]
[TimeControl "40/5400+30:1800+30"]

1. d4 Nf6 2. c4 e6 3. Nc3 Bb4 4. e3 O-O 5. Nge2 d5 6. a3 Be7 7. Ng3 b6 8. Bd3 Bb7 9. O-O Nbd7 10. cxd5 Nxd5 11. Nxd5 exd5 12. Bd2 c5 13. Bc3 c4 14. Bc2 Re8 15. Nf5 Bf8 16. Qg4 g6 17. Ng3 Nf6 18. Qf3 Ne4 19. Nxe4 dxe4 20. Qe2 Bd5 21. Qd2 Bd6 22. Bd1 Qh4 23. g3 Qg5 24. Ba4 Red8 25. Rfe1 a6 26. Bd1 h5 27. Be2 h4 28. Bf1 Kg7 29. Bg2 Rh8 30. Qc2 hxg3 31. hxg3 Rh6 32. Qa4 b5 33. Qc2 Rah8 34. Kf1 Qg4 35. Kg1 Bxg3 36. fxg3 Qxg3 37. Kf1 Rh1+ 38. Bxh1 Rxh1+ 39. Ke2 Rh2+ 40. Kd1 Rxc2 41. Kxc2 Qf2+ 42. Bd2 g5 43. Rad1 Kg6 44. Kb1 Be6 45. Rf1 Qe2 46. Kc1 c3 47. Bxc3 Bb3 48. Bd2 Qd3 0-1

[Event "20th Heraklion IT Open 2017"]
[Site "Heraklion"]
[Date "2017.04.24"]
[Round "9"]
[White "Moshovakis, Aggelos"]
[Black "Friedel, Marcus"]
[Result "1/2-1/2"]
[ECO "B06"]
[WhiteElo "2030"]
[BlackElo "2182"]
[Annotator "NA"]
[PlyCount "78"]
[EventDate "2017.??.??"]
[EventType "swiss"]
[EventCountry "GRE"]
[SourceTitle "playchess.com"]
[Source "ChessBase"]
[SourceQuality "1"]
[TimeControl "40/5400+30:1800+30"]

1. e4 g6 2. d4 Bg7 3. Nc3 c6 4. Nf3 d6 5. h3 Nf6 6. a4 O-O 7. Be3 Nbd7 8. Be2 e5 9. dxe5 dxe5 10. Nd2 Qe7 11. Nc4 Rd8 {[%emt 0:31:05] B08: Pirc Defence: Classical System} (11... Ne8 12. O-O Nc5 13. Nd6 Nxd6 14. Bxc5 Rd8 15. Qd3 b6 16. Ba3 Bb7 17. Rad1 c5 18. Qe3 Qh4 19. f3 Bh6 {0-1 (38) Gajek,R (2384)-Kovalev,A (2509) Polanica Zdroj 2015}) 12. Qd6 Bf8 {[%emt 0:01:35] LiveBook: 3 Games [#]} ({Black should try} 12... Qxd6 $14 13. Nxd6 Nf8) 13. O-O-O ({Better is} 13. Qxe7 $1 $16 Bxe7 14. O-O-O) 13... Qxd6 14. Nxd6 Nb6 15. Nxc8 Rdxc8 16. g4 $146 (16. Rd2 Bb4 17. f3 Bxc3 18. bxc3 Nxa4 19. Rd6 Ne8 20. Rd7 Nc7 {1-0 (42) Capelo,M (1860)-Brujin,H (1460) Sao Paulo 2015}) 16... Bb4 17. Na2 Be7 18. a5 Na4 $1 19. f3 Rd8 20. b4 b6 21. Bc4 bxa5 22. Bb3 ({Not} 22. bxa5 $2 Ba3+ 23. Kb1 Rxd1+ 24. Rxd1 Nb2 $19) 22... Nb6 23. bxa5 Nbd7 24. Ba4 (24. c3 $16) 24... Ba3+ 25. Kb1 Rab8+ 26. Bb3 c5 27. Bc1 c4 28. Bxa3 cxb3 29. Nc1 bxc2+ 30. Kxc2 Rdc8+ 31. Kd2 Rb5 32. Nd3 Rxa5 33. Bb2 Ne8 34. Ra1 Rxa1 35. Rxa1 Nd6 $11 36. Rxa7 Nc4+ 37. Kd1 Nc5 38. Nxc5 Nxb2+ 39. Kc2 Rxc5+ 1/2-1/2

[Event "20th Heraklion IT Open 2017"]
[Site "Heraklion"]
[Date "2017.04.24"]
[Round "9"]
[White "Sourgkounis, Angelos"]
[Black "Lampadariou, Nikolaos"]
[Result "1/2-1/2"]
[ECO "D02"]
[WhiteElo "1960"]
[BlackElo "1948"]
[Annotator "NA RC"]
[PlyCount "116"]
[EventDate "2017.??.??"]
[EventType "swiss"]
[EventCountry "GRE"]
[SourceTitle "playchess.com"]
[Source "ChessBase"]
[SourceQuality "1"]
[TimeControl "40/5400+30:1800+30"]

1. d4 d5 2. Nf3 c6 3. e3 Nf6 4. b3 h6 {[%emt 0:01:26] D04: Colle System} (4... Bg4 5. h3 Bh5 6. g4 Bg6 7. Ne5 Nfd7 8. Nxg6 hxg6 9. Bb2 e6 10. Nd2 Bd6 11. Bg2 Qe7 12. c4 {0-1 (31) Rodriguez Vila,A (2490)-Obregon,C (2478) Moron 2013}) 5. Bd3 e6 6. Bb2 Bd6 7. O-O O-O 8. Nbd2 b6 $146 (8... Nbd7 9. Ne5 Qc7 10. f4 b6 11. Qf3 a5 12. Qh3 Ba6 13. c4 Ne8 14. Rac1 c5 15. g4 f5 16. gxf5 exf5 17. Bxf5 Nxe5 18. dxe5 Be7 19. Be6+ {1-0 (19) Stancu,O (2156)-Rucsandescu,D Eforie Nord 2007}) 9. c4 Nbd7 10. e4 dxe4 11. Nxe4 Nxe4 12. Bxe4 Bb7 13. Ne5 f5 (13... Qc7 $11 {keeps the balance.}) 14. Bf3 Nxe5 15. dxe5 Be7 16. Qe1 Qc7 17. b4 Rfd8 18. Qc3 c5 19. b5 Rd7 20. Bxb7 Qxb7 21. Qg3 Kh7 22. Rad1 Rad8 23. Rxd7 Qxd7 24. Qf3 $1 $11 Qd3 (24... Qd2 $19 25. Qb3 Rd3) 25. Qb7 Qd7 26. Qa6 g6 27. h3 h5 28. a4 Qc7 29. a5 Rd2 30. Bc3 Rd3 31. axb6 axb6 32. Bb2 Rd2 33. Bc3 Rd3 34. Qa1 Qd7 35. Qc1 Bf8 36. Qc2 Bh6 37. Ra1 Bf4 38. Re1 Bg5 39. Rf1 Be7 40. Kh2 Bg5 41. Kg1 Be7 42. Ra1 Kg7 43. Kf1 Qd8 $1 44. Ke2 Rd7 45. f4 Qc7 46. Rg1 Kf8 47. g4 hxg4 48. hxg4 Bd8 49. Ke3 Rh7 50. Qg2 Qb7 51. Qxb7 Rxb7 52. Rd1 Be7 53. Ra1 ({Better is} 53. g5 $14) 53... Bd8 54. Rh1 Kg7 55. gxf5 gxf5 56. Be1 (56. Rd1 $1 $14 Be7 57. Ra1) 56... Ra7 57. Bc3 Be7 58. Rd1 Kf7 $11 {[%emt 0:00:12] Kd4} 1/2-1/2

[Event "20th Heraklion IT Open 2017"]
[Site "Heraklion"]
[Date "2017.04.24"]
[Round "9"]
[White "Vitsaxakis, Nikolaos"]
[Black "Fragiadakis, Emanouel"]
[Result "0-1"]
[ECO "D00"]
[WhiteElo "1726"]
[BlackElo "1827"]
[Annotator "NA"]
[PlyCount "66"]
[EventDate "2017.??.??"]
[EventType "swiss"]
[EventCountry "GRE"]
[SourceTitle "playchess.com"]
[Source "ChessBase"]
[SourceQuality "1"]
[TimeControl "40/5400+30:1800+30"]

1. d4 d5 2. Bf4 Nf6 3. e3 c5 4. Nf3 Nc6 5. c3 e6 6. Nbd2 Bd6 7. Ne5 Qe7 {[%emt 0:02:24] D02: 1 d4 d5 2 Nf3 sidelines, including 2...Nf6 3 g3 and 2...Nf6 3 Bf4} (7... Qc7 8. Ndf3 O-O 9. Bd3 b6 10. Nxc6 Qxc6 11. Ne5 Qc7 12. Qf3 Ne4 13. Nc4 Bxf4 14. Qxf4 Qxf4 15. exf4 Ba6 16. Bxe4 dxe4 {½-½ (95) Giri,A (2798)-Hou,Y (2673) Wijk aan Zee 2016}) 8. Bd3 $146 (8. Bb5 Bd7 9. Qa4 Bxe5 10. dxe5 Nh5 11. Nf3 Nxf4 12. Qxf4 O-O 13. Bd3 f6 14. Qh4 g6 15. g4 fxe5 16. Qxe7 Nxe7 17. Nxe5 {1-0 (54) Rahimi,R (1669)-Schlichter,L (1609) Magdeburg 2014}) 8... Bd7 9. Qe2 Rc8 10. a3 O-O 11. h4 Ne8 12. Rh3 f5 13. h5 Nf6 14. Ndf3 c4 15. Bc2 b5 16. Nh4 Bxe5 17. Bxe5 Nxe5 18. dxe5 Ng4 $1 19. f4 Qc5 20. Kd2 a5 21. Rg3 Nh6 $1 22. Rh3 b4 23. Rhh1 bxc3+ 24. bxc3 Rb8 25. Ra2 {[%emt 0:00:15] [#]} (25. Nf3 $17 {was worth a try.}) 25... Rb7 (25... Rb3 $1 $19 {[%mdl 512] ...a4 is the strong threat.} 26. Nf3 (26. Bxb3 cxb3) 26... a4) 26. Nf3 {[%emt 0:09:47] [#]} Rfb8 ({Better is} 26... Rb3 $1 $19 27. Bxb3 cxb3) 27. Qd1 ({White must play} 27. a4 $1 $15) 27... Ng4 28. Qe2 Rb2 29. Raa1 Nxe3 30. Nd4 $19 Nxc2 31. Nxc2 d4 32. cxd4 Qxd4+ 33. Ke1 Rxc2 0-1

[Event "20th Heraklion IT Open 2017"]
[Site "Heraklion"]
[Date "2017.04.24"]
[Round "9"]
[White "Stratigi, Evangelia"]
[Black "Kiriakakis, Ioannis"]
[Result "1-0"]
[ECO "C77"]
[WhiteElo "1662"]
[BlackElo "1534"]
[Annotator "NA"]
[PlyCount "53"]
[EventDate "2017.??.??"]
[EventType "swiss"]
[EventCountry "GRE"]
[SourceTitle "playchess.com"]
[Source "ChessBase"]
[SourceQuality "1"]
[TimeControl "40/5400+30:1800+30"]

1. e4 e5 2. Nf3 Nc6 3. Bb5 a6 4. Ba4 Nf6 5. d3 d6 6. c3 g6 7. O-O Bg7 8. Re1 O-O 9. h3 Bd7 10. Nbd2 Re8 11. Nf1 h6 12. Ng3 d5 13. exd5 Nxd5 14. Ne4 b6 15. Ng3 Kh7 16. c4 Nde7 17. h4 Rb8 18. h5 b5 19. cxb5 axb5 20. Bb3 Rf8 21. Be3 Nd4 22. Bxd4 exd4 23. Ne5 Be8 24. Qf3 Rb6 25. Rac1 Rf6 26. Qe4 Nf5 27. Ng4 1-0

[Event "20th Heraklion IT Open 2017"]
[Site "Heraklion"]
[Date "2017.04.24"]
[Round "9"]
[White "Mardoyan Ararat, T  Artur"]
[Black "Koutsourakis, Ioannis"]
[Result "1/2-1/2"]
[ECO "D04"]
[WhiteElo "1502"]
[BlackElo "1543"]
[Annotator "NA"]
[PlyCount "89"]
[EventDate "2017.??.??"]
[EventType "swiss"]
[EventCountry "GRE"]
[SourceTitle "playchess.com"]
[Source "ChessBase"]
[SourceQuality "1"]
[TimeControl "40/5400+30:1800+30"]

1. d4 d5 2. Nf3 Nf6 3. e3 c6 4. Bd3 e6 5. Nbd2 Nbd7 6. b3 b6 7. Bb2 Bb7 8. O-O Be7 9. Ne5 Nxe5 10. dxe5 Nd7 11. c4 O-O 12. Qh5 h6 13. Rac1 a5 14. a4 Nc5 15. Bc2 Ba6 16. Rfd1 Qc7 17. cxd5 cxd5 18. e4 Bb7 19. Qe2 Bg5 20. exd5 Bxd5 21. g3 Qb7 22. f4 Be7 23. Bd4 Rfd8 24. Kf1 Rac8 25. Bxc5 Bxc5 26. Be4 Bxe4 27. Nxe4 Bb4 28. Rxc8 Rxc8 29. Qd3 Qc6 30. h4 Rc7 31. Qd8+ Kh7 32. Qd3 Kg8 33. Qd8+ Bf8 34. Qd3 Be7 35. Qe2 Rd7 36. Rxd7 Qxd7 37. Qd2 Qc6 38. Qd3 Qc1+ 39. Ke2 Qc6 40. Ke3 Qc1+ 41. Ke2 Qc6 42. Ke3 Qc1+ 43. Ke2 Qc6 44. Ke3 Qc1+ 45. Kd4 1/2-1/2